 Dungeon Crawl Stone Soup version 0.20.0-10-g0535bb4 (webtiles) character file.

615134 JeffiDaFish the Slayer (level 27, -5/172 HPs)
             Began as a Gargoyle Fighter on June 6, 2017.
             Was the Champion of Okawaru.
             Killed by the air
             ... invoked by a blizzard demon
              (7 damage)
             ... in Pandemonium on June 7, 2017.
             The game lasted 03:02:43 (71754 turns).

JeffiDaFish the Slayer (Gargoyle Fighter)          Turns: 71754, Time: 03:02:43

Health: -5/172     AC: 72    Str: 31 (32) XL:     27
Magic:  33/33      EV: 19    Int:  8 (9)  God:    Okawaru [******]
Gold:   5034       SH: 36    Dex: 34 (35) Spells: 26/26 levels left

rFire    . . .     SeeInvis +   J - +8 demon whip (protect)
rCold    + + .     Gourm    .   U - +8 large shield of Going Fast {rC+ Dex+4}
rNeg     + . .     Faith    .   I - +9 crystal plate armour
rPois    ∞         Spirit   .   y - +3 crown of Dyrovepreva {rElec Int+2 SInv}
rElec    +         Reflect  .   u - +2 cloak "Noloso" {Dex+5}
rCorr    .         Harm     .   H - +0 pair of gloves of Hairiness {*Contam +Blink rElec Str+8}
MR       +++..     Clarity  +   s - +1 pair of boots {Stlth+}
Stlth    ..........             m - amulet of Pemeg {+Rage rF+}
Regen    0.0/turn               c - ring of protection from magic
MPRegen  0.3/turn               D - ring "Sajoymp" {Ice rPois Str+2 Dex+8}

@: about to teleport, flying, very slightly contaminated, studying Axes
A: big wings, beak, iridescent scales 1, blurry vision 1, clarity, deterioration
2, dopey 1, frail 1, negative energy resistance 1, electricity resistance,
inhibited regeneration, weak 1, unbreathing, evolution 1, petrification
resistance, no potion heal 2, rot immunity, sturdy frame 1, AC +20
}: 3/15 runes: decaying, silver, gossamer
a: Stop Flying, Heroism, Finesse, Renounce Religion, Evoke Blink, Evoke Berserk
Rage


You were in Pandemonium.
You worshipped Okawaru.
Okawaru was exalted by your worship.
You were not hungry.

You visited 9 branches of the dungeon, and saw 45 of its levels.
You visited Pandemonium 1 time, and saw 5 of its levels.
You also visited: Wizlab and Desolation.

You collected 7358 gold pieces.
You spent 2324 gold pieces at shops.

Inventory:

Hand Weapons
 C - the +10 morningstar "Canogyix" {flame, Str+4}
   (Okawaru gifted it to you on level 2 of the Elven Halls)

   It has been specially enchanted to burn those struck by it, causing extra
   injury to most foes and up to half again as much damage against particularly
   susceptible opponents.
   It affects your strength (+4).
 J - a +8 demon whip of protection (weapon)
Armour
 s - a +1 pair of boots of stealth (worn)
 u - the +2 cloak "Noloso" (worn) {Dex+5}
   (Okawaru gifted it to you on level 5 of the Vaults)

   It affects your dexterity (+5).
 y - the +3 crown of Dyrovepreva (worn) {rElec Int+2 SInv}
   (You bought it in a shop on level 6 of the Dungeon)

   It affects your intelligence (+2).
   It insulates you from electricity.
   It lets you see invisible.
 H - the +0 pair of gloves of Hairiness (worn) {*Contam +Blink rElec Str+8}
   (Okawaru gifted it to you on level 12 of the Dungeon)

   It affects your strength (+8).
   It insulates you from electricity.
   It lets you blink.
   It causes magical contamination when unequipped.
 I - a +9 crystal plate armour (worn)
 U - the +8 large shield of Going Fast (worn) {rC+ Dex+4}
   (You found it in Pandemonium)

   It affects your dexterity (+4).
   It protects you from cold.
Jewellery
 c - a ring of protection from magic (left hand)
 m - the amulet of Pemeg (around neck) {+Rage rF+}
   (You found it in the Desolation of Salt)

   [amulet of rage]

   It protects you from fire.
   It lets you go berserk.
 D - the ring "Sajoymp" (right hand) {Ice rPois Str+2 Dex+8}
   (You found it in the Desolation of Salt)

   [ring of ice]

   It enhances your ice magic.
   It affects your strength (+2).
   It affects your dexterity (+8).
   It makes you vulnerable to fire.
   It protects you from cold.
   It protects you from poison.
Wands
 e - a wand of clouds (9/9)
Scrolls
 a - 2 scrolls of silence
 j - 26 scrolls of remove curse
 k - 7 scrolls of teleportation
 l - 4 scrolls of identify
 p - 16 scrolls of amnesia
 t - 8 scrolls of holy word
 w - 6 scrolls of recharging
 x - 8 scrolls of fog
 G - 8 scrolls of fear
 M - 2 scrolls of summoning
Potions
 b - 2 potions of berserk rage
 d - 9 potions of ambrosia
 n - 6 potions of magic
 o - 5 potions of curing
 z - 5 potions of agility
 B - 6 potions of might
 E - 4 potions of cancellation
 L - 3 potions of resistance
 O - 2 potions of haste
 Q - a potion of brilliance
Books
 r - a book of Power

   Spells                             Type                      Level
   a - Iskenderun's Battlesphere      Conjuration/Charms           5
   b - Venom Bolt                     Conjuration/Poison           5
   c - Bolt of Magma                  Conjuration/Fire/Earth       5
   d - Iron Shot                      Conjuration/Earth            6
   e - Orb of Destruction             Conjuration                  7
   f - Spellforged Servitor           Conjuration/Summoning        7
 v - a manual of Axes
 P - a Necronomicon

   Spells                             Type                      Level
   a - Haunt                          Necromancy/Summoning         7
   b - Borgnjor's Revivification      Necromancy                   8
   c - Death's Door                   Charms/Necromancy            8
   d - Infestation                    Necromancy                   8
   e - Necromutation                  Transmutation/Necromancy     8
Miscellaneous
 A - a phial of floods
Comestibles
 f - 31 bread rations
 g - 28 royal jellies
 h - 16 meat rations
 i - 28 fruits
 F - 6 chunks of flesh


   Skills:
 * Level 24.6 Fighting
 * Level 22.5 Maces & Flails
 * Level 22.9 Armour
 + Level 11.7 Dodging
 - Level 2.5 Stealth
 * Level 24.4 Shields
 + Level 14.3 Invocations
 + Level 12.1 Evocations


You had 26 spell levels left.
You didn't know any spells.

Dungeon Overview and Level Annotations

Branches:
Dungeon (15/15)            Temple (1/1) D:5            Lair (6/6) D:8
  Swamp (4/4) Lair:4       Spider (4/4) Lair:2        Slime (0/5) Lair:5
    Orc (2/2) D:10            Elf (3/3) Orc:2        Vaults (5/5) D:13
  Crypt (0/3) Vaults:3     Depths (5/5) D:15            Zot (0/5) Depths:5

Altars:
Ashenzari
Fedhas
Gozag
Hepliaklqana
Kikubaaqudgha
Okawaru
Qazlal
Ru
Sif Muna
Uskayaw
Vehumet
Xom
Yredelemnul
The Shining One
Beogh

Shops:
D:4 :   D:6 %[   D:15 (   Orc:2 (*(=   Vaults:2 !   Depths:4 }

Portals:
Hell: Depths:1 Depths:2 Depths:3 Depths:4 Depths:5
Abyss: Depths:1 Depths:4
Pandemonium: Depths:3
Ziggurat: Depths:3
Trove: Depths:3 (give 18 potions of curing)

Annotations:
Lair:3 exclusion: oklob plant
Lair:5 exclusion: oklob plant


Innate Abilities, Weirdness & Mutations

You are resistant to torment.
Your stone body is resilient. (AC +20)
You are immune to poison.
Your large and strong wings let you fly indefinitely.
You resist negative energy. (rN+)
You are resistant to electric shocks. (rElec)
You can survive without breathing.
You are immune to petrification.
You are immune to rotting.
You have a beak for a mouth.
You are partially covered in iridescent scales. (AC +2)
Scrolls take you a little longer to read.
You possess an exceptional clarity of mind.
Your body often deteriorates upon taking damage.
You are dopey. (Int -2)
You are frail. (-10% HP)
You do not regenerate when monsters are visible.
You are weak. (Str -2)
You evolve.
Potions are poor at restoring your health.
Your movements are slightly less encumbered by armour. (ER -2)


Message History

You feel invigorated. The monstrous demonspawn hits you.
* * * LOW HITPOINT WARNING * * *
The monstrous demonspawn misses you.
The monstrous demonspawn gores you but does no damage.
The soul eater closely misses you. The blizzard demon misses you.
The blizzard demon hits you but does no damage.
The monstrous demonspawn closely misses you. x2
The monstrous demonspawn completely misses you.
The soul eater draws from the surrounding life force!
* * * LOW HITPOINT WARNING * * *
The soul eater is healed.
Your system partially rejects the healing.
You feel better.
You feel less invigorated.
You block the monstrous demonspawn's attack. x2
The monstrous demonspawn gores you but does no damage.
The soul eater draws from the surrounding life force!
* * * LOW HITPOINT WARNING * * *
The blizzard demon waves its arms in wide circles.
The air twists around and violently strikes you in flight!
You die...

...............
...............
#.............
##............
##.............
...............
...............
..2.3..33......
......6@6......
6.......2......
.....##########
.####


You could see 2 demonspawn, a blizzard demon, 2 soul eaters, a shadow demon, an
infernal demonspawn (wandering) and a smoke demon.

Vanquished Creatures
  3 ancient liches (Vaults:5)
  Mennas (Vaults:4)
  A juggernaut (Depths:1)
  the Lernaean hydra (Swamp:4)
  4 golden dragons
  The ghost of lunkers the Slayer, a veteran BaHu of Okawaru (WizLab)
  Arachne (Spider:4)
  A bone dragon (Depths:5)
  A Tzitzimitl (Pan)
  3 Hell Sentinels (Pan)
  4 Brimstone Fiends (Pan)
  Rupert (Lair:4)
  9 Ice Fiends (Pan)
  4 liches
  6 tentacled monstrosities
  5 deep elf blademasters
  3 deep elf master archers (Elf:3)
  5 titans
  4 Executioners (Pan)
  Kirke (Elf:1)
  6 sphinxes
  Frances (D:14)
  A tentacled starspawn (WizLab)
  2 storm dragons
  An eldritch tentacle (WizLab)
  3 thorn hunters
  4 shadow dragons
  7 tengu reavers
  6 deep elf sorcerers
  4 pandemonium lords (Pan)
  9 fire giants
  The ghost of brahma the Peltast, a journeyman MiFi of Ru (Swamp:4)
  12 frost giants
  15 vault wardens
  4 orc warlords
  4 ghost moths (Spider:4)
  An imperial myrmidon (Desolation)
  2 warmongers (Pan)
  13 cacodemons (Pan)
  5 iron dragons
  6 balrugs (Pan)
  2 draconian shifters (Depths:5)
  18 ironheart preservers
  The ghost of Doesnt the Geomancer, a journeyman GrEE of Makhleb (Spider:1)
  5 emperor scorpions
  A draconian stormcaller (Depths:5)
  6 deep elf elementalists (Elf:3)
  8 reapers
  26 very ugly things
  2 spriggan defenders (Depths:3)
  3 war gargoyles
  8 blood saints (Pan)
  7 corrupters (Pan)
  21 stone giants
  Nessos (Lair:4)
  3 vampire knights
  6 entropy weavers
  5 deep elf demonologists
  A black draconian (Depths:5)
  A green draconian (Depths:5)
  4 black suns (Pan)
  A purple draconian (Depths:5)
  8 deep elf annihilators
  3 lorocyprocas
  A halazid warlock (Desolation)
  A white draconian (Depths:5)
  10 spark wasps
  4 crystal guardians (Desolation)
  6 green deaths (Pan)
  6 blizzard demons (Pan)
  7 fire dragons
  7 deep elf high priests
  9 deep elf death magi
  8 ettins
  A merfolk impaler (Depths:1)
  5 ragged hierophants (Desolation)
  32 vault guards
  14 yaktaur captains
  5 servants of whispers (Desolation)
  6 ice dragons
  Fannar (Lair:4)
  12 great orbs of eyes
  4 rakshasas
  2 hell beasts (Pan)
  4 spriggan air magi
  23 hydras
  5 peacekeepers (Desolation)
  5 monstrous demonspawn (Pan)
  An anaconda (shapeshifter) (Elf:3)
  2 ghost crabs
  3 death knights
  11 centaur warriors
  14 ogre magi
  Erica (D:10)
  5 alligators
  40 two-headed ogres
  5 tengu warriors
  A queen ant (Spider:1)
  2 orc high priests
  12 deep troll shamans
  26 dancing weapons
  Urug (Lair:4)
  2 deep troll earth magi
  A vampire mage (Depths:1)
  18 deep elf knights
  7 hell knights
  Sonja (Lair:2)
  7 spriggan berserkers
  28 sun demons (Pan)
  11 soul eaters
  5 iron trolls
  4 small abominations
  A shadow wraith (Vaults:5)
  9 sixfirhies (Pan)
  12 skeletal warriors
  4 salamander mystics
  A fire crab (D:13)
  13 deep trolls
  3 spriggan druids (Swamp:3)
  7 unseen horrors
  8 torturous demonspawn
  15 large abominations
  The ghost of heteroy the Ruffian, a novice NaMo (D:6)
  2 cherubim (Pan)
  2 flayed ghosts
  9 swamp dragons
  A glowing orange brain (shapeshifter) (D:13)
  A glowing orange brain (Vaults:4)
  7 gelid demonspawn (Pan)
  7 shadow demons (Pan)
  An obsidian statue (WizLab)
  An infernal demonspawn (Pan)
  3 shambling mangroves
  2 wizards
  A wolf spider zombie (D:14)
  7 phantasmal warriors
  20 ironbrand convokers
  A lindwurm (shapeshifter) (Vaults:5)
  23 orb spiders
  17 deep elf archers
  A necromancer (Depths:2)
  16 orc knights
  An orb spider (shapeshifter) (Depths:3)
  58 deep elf magi
  10 orc sorcerers
  2 mana vipers (shapeshifter)
  2 shining eyes (shapeshifter)
  4 cyclopes
  10 salamanders
  2 manticores
  49 ugly things
  29 wolf spiders
  2 worldbinders (WizLab)
  4 moths of wrath
  Joseph (Lair:1)
  4 black mambas
  37 smoke demons
  8 rust devils
  3 guardian serpents (Desolation)
  8 vault sentinels
  A torpor snail (Spider:4)
  Maurice (D:8)
  23 spiny frogs
  Psyche (D:10)
  11 orange demons (Pan)
  8 hellions (Pan)
  5 centaur skeletons
  66 yaktaurs
  32 demonic crawlers
  2 ice devils (Pan)
  3 efreet
  9 komodo dragons
  5 kobold demonologists
  3 tormentors
  3 rime drakes
  4 hellwings
  4 freezing wraiths
  An ancient zyme (WizLab)
  A yaktaur (shapeshifter) (D:15)
  2 jumping spiders (shapeshifter)
  10 red devils (Pan)
  40 jumping spiders
  8 tengu conjurers
  2 meliai (shapeshifter)
  13 trolls
  A queen bee (Lair:3)
  3 polar bears (Lair:6)
  A troll (shapeshifter) (Vaults:2)
  A polar bear (shapeshifter) (Vaults:5)
  44 saltlings (Desolation)
  28 hornets
  A wind drake (shapeshifter) (D:13)
  11 tyrant leeches
  A raiju (WizLab)
  6 bog bodies
  37 slime creatures
  16 hippogriffs
  21 blink frogs
  A stone giant simulacrum (Vaults:3)
  11 dream sheep (Lair:6)
  40 redbacks
  3 shadows
  6 air elementals
  6 wraiths
  A vampire (D:13)
  6 hogs
  10 water elementals
  22 spriggans
  A spriggan (shapeshifter) (Vaults:3)
  62 yaks
  43 tarantellas
  2 wyverns
  A steam dragon (D:6)
  6 basilisks
  A human (D:9)
  A hog (shapeshifter) (D:13)
  22 ynoxinuls
  The ghost of sambo the Chopper, an amateur DsBe of Trog (D:3)
  3 fire elementals
  3 chaos spawn (Pan)
  8 neqoxecs (Pan)
  A hungry ghost (D:14)
  17 vampire mosquitoes
  4 spatial vortices (WizLab)
  10 insubstantial wisps
  23 soldier ants
  24 swamp worms
  20 wargs
  4 acid dragons
  13 water moccasins
  A hell hound (Depths:5)
  An infernal demonspawn skeleton (WizLab)
  5 porcupines
  15 swamp drakes
  5 sky beasts
  4 ice beasts
  5 black bears
  5 phantoms
  47 orc warriors
  A black bear (shapeshifter) (Vaults:1)
  36 ogres
  16 boggarts
  An eye of draining (shapeshifter) (Vaults:1)
  47 wolves
  8 necrophages
  An ettin simulacrum (Vaults:1)
  38 centaurs
  14 crocodiles
  4 big kobolds
  A wyvern zombie (D:10)
  12 bullfrogs
  An earth elemental (Elf:2)
  3 wyvern skeletons
  A hornet simulacrum (D:15)
  6 scorpions
  22 killer bees
  11 wights
  3 electric eels
  11 crimson imps
  4 bullfrog zombies
  4 centaur zombies
  5 hounds
  4 jellies
  A gnoll shaman (D:4)
  32 orc priests
  4 bullfrog skeletons
  7 iguanas
  Ijyb (D:3)
  49 orc wizards
  39 worker ants
  2 hound zombies
  A hound skeleton (D:5)
  10 gnolls
  3 worker ant zombies
  17 adders
  10 shadow imps
  3 oozes (D:1)
  An ufetubus (WizLab)
  2 adder zombies
  2 adder skeletons
  2 dart slugs
  2 leopard geckos
  129 orcs
  2 giant cockroaches (D:1)
  11 goblins
  9 hobgoblins
  11 jackals
  19 kobolds
  6 quokkas
  7 bats
  4 frilled lizards
  A leopard gecko skeleton (D:8)
  4 rats
  5 briar patches
  2 crawling corpses (Elf:3)
  A lurking horror (WizLab)
2669 creatures vanquished.

Vanquished Creatures (others)
  A green death (Pan)
  A deep elf knight (Elf:1)
  An orc sorcerer (Depths:1)
  2 jumping spiders
  A saltling (Desolation)
  A tarantella (Spider:1)
  2 ogres
  A crimson imp (D:13)
  A bullfrog simulacrum (D:13)
  Robin (D:3)
  An orc (D:13)
  6 briar patches (Swamp:3)
  A bush (Lair:6)
  18 fungi
  13 plants
  2 starspawn tentacles (WizLab)
53 creatures vanquished.

Grand Total: 2722 creatures vanquished

Notes
Turn   | Place    | Note
-------+----------+-------------------------------------------
     0 | D:1      | JeffiDaFish the Gargoyle Fighter began the quest for the Orb.
     0 | D:1      | Reached XP level 1. HP: 14/14 MP: 1/1
   188 | D:1      | Reached XP level 2. HP: 15/19 MP: 2/2
   512 | D:1      | Reached XP level 3. HP: 23/23 MP: 3/3
   969 | D:2      | Reached XP level 4. HP: 18/28 MP: 4/4
   996 | D:2      | Gained mutation: You have a beak for a mouth. [potion of mutation]
   996 | D:2      | Gained mutation: Your movements are slightly less encumbered by armour. (ER -2) [potion of mutation]
  1396 | D:3      | Noticed Ijyb
  1407 | D:3      | Killed Ijyb
  1407 | D:3      | Reached skill level 1 in Dodging
  1553 | D:3      | Reached XP level 5. HP: 32/32 MP: 5/5
  1644 | D:3      | Noticed sambo's ghost (amateur DsBe)
  1658 | D:3      | Killed sambo's ghost
  1658 | D:3      | Reached skill level 5 in Shields
  1658 | D:3      | Reached XP level 6. HP: 20/38 MP: 6/6
  2057 | D:3      | Noticed Robin
  2069 | D:3      | Killed Robin
  2334 | D:3      | You fall through a shaft!
  2591 | D:4      | Reached XP level 7. HP: 25/44 MP: 7/7
  3179 | D:4      | Reached skill level 5 in Maces & Flails
  3368 | D:4      | Found a blossoming altar of Fedhas.
  3561 | D:4      | Found Zakaoru's Book Emporium.
  3606 | D:5      | Entered Level 5 of the Dungeon
  3874 | D:5      | Found a staircase to the Ecumenical Temple.
  3892 | Temple   | Entered the Ecumenical Temple
  3922 | Temple   | Became a worshipper of Warmaster Okawaru
  4095 | D:5      | Found a sacrificial altar of Ru.
  4095 | D:5      | Found a stormy altar of Qazlal.
  4341 | D:5      | Reached skill level 5 in Fighting
  4341 | D:5      | Reached skill level 1 in Stealth
  4341 | D:5      | Reached XP level 8. HP: 39/49 MP: 8/8
  4779 | D:6      | Reached * piety under Okawaru
  4818 | D:6      | Reached skill level 5 in Armour
  5008 | D:6      | Noticed heteroy's ghost (novice NaMo)
  5049 | D:6      | Killed heteroy's ghost
  5049 | D:6      | Reached ** piety under Okawaru
  5049 | D:6      | Reached XP level 9. HP: 24/55 MP: 1/9
  5376 | D:6      | Found Fofioj's Food Emporium.
  5669 | D:6      | Found Plog's Armour Emporium.
  5770 | D:7      | Found a radiant altar of Vehumet.
  5995 | D:7      | Found a shimmering altar of Xom.
  6006 | D:7      | Found a shattered altar of Ashenzari.
  6070 | D:7      | Reached *** piety under Okawaru
  6379 | D:7      | Reached XP level 10. HP: 27/61 MP: 10/10
  6759 | D:8      | Noticed Maurice
  6853 | D:8      | Killed Maurice
  6877 | D:8      | Found a basalt altar of Yredelemnul.
  6907 | D:8      | Reached **** piety under Okawaru
  7006 | D:8      | Found a staircase to the Lair.
  7063 | D:8      | Reached skill level 10 in Maces & Flails
  7214 | D:8      | Noticed a two-headed ogre
  7226 | D:8      | Killed a two-headed ogre
  8106 | D:9      | Reached ***** piety under Okawaru
  8255 | D:9      | Noticed a two-headed ogre
  8270 | D:9      | Killed a two-headed ogre
  8270 | D:9      | Reached XP level 11. HP: 60/68 MP: 11/11
  8330 | D:9      | Noticed a two-headed ogre
  8342 | D:9      | Killed a two-headed ogre
  8342 | D:9      | Received a gift from Okawaru
  8594 | D:9      | Received a gift from Okawaru
  8969 | Lair:1   | Entered Level 1 of the Lair of Beasts
  8990 | Lair:1   | Noticed a four-headed hydra
  9008 | Lair:1   | Killed a four-headed hydra
  9008 | Lair:1   | Reached skill level 10 in Shields
  9403 | Lair:1   | Noticed Joseph
  9422 | Lair:1   | Killed Joseph
  9534 | Lair:1   | Received a gift from Okawaru
  9946 | Lair:1   | Reached XP level 12. HP: 65/76 MP: 12/12
  9949 | Lair:1   | Noticed an eight-headed hydra
  9964 | Lair:1   | Killed an eight-headed hydra
 10831 | Lair:2   | Noticed Sonja
 10863 | Lair:2   | Killed Sonja
 11214 | Lair:2   | Noticed a four-headed hydra
 11229 | Lair:2   | Killed a four-headed hydra
 11335 | Lair:2   | Found a hole to the Spider Nest.
 11353 | Lair:2   | Reached ****** piety under Okawaru
 11384 | Lair:2   | Noticed a seven-headed hydra
 11396 | Lair:2   | Killed a seven-headed hydra
 11396 | Lair:2   | Received a gift from Okawaru
 11586 | Lair:2   | Noticed a seven-headed hydra
 11602 | Lair:2   | Killed a seven-headed hydra
 11936 | Lair:2   | Noticed a four-headed hydra
 11945 | Lair:2   | Killed a four-headed hydra
 12049 | Lair:3   | Noticed Fannar
 12053 | Lair:3   | Noticed a seven-headed hydra
 12571 | Lair:3   | Reached skill level 10 in Fighting
 12631 | Lair:3   | Reached XP level 13. HP: 67/82 MP: 13/13
 14277 | Lair:4   | Killed Fannar
 14689 | D:6      | Bought the +3 crown of Dyrovepreva {rElec Int+2 SInv} for 414 gold pieces
 14689 | D:6      | Bought a +0 pair of gloves of strength for 115 gold pieces
 14929 | Lair:4   | Noticed Nessos
 14960 | Lair:4   | Killed Nessos
 14960 | Lair:4   | Received a gift from Okawaru
 14960 | Lair:4   | Reached skill level 10 in Armour
 15123 | Lair:4   | Noticed Urug
 15139 | Lair:4   | Killed Urug
 15482 | Lair:4   | Noticed Rupert
 15503 | Lair:4   | Killed Rupert
 15638 | Lair:4   | Found a staircase to the Swamp.
 15872 | Lair:5   | Found a hazy altar of Hepliaklqana.
 16453 | Lair:5   | Gained mutation: Your large and strong wings let you fly indefinitely. [Gargoyle growth]
 16453 | Lair:5   | Reached XP level 14. HP: 90/90 MP: 14/14
 16492 | Lair:5   | Found a staircase to the Slime Pits.
 16995 | Lair:6   | Entered Level 6 of the Lair of Beasts
 17028 | Lair:6   | Received a gift from Okawaru
 17846 | Lair:6   | Received a gift from Okawaru
 18014 | Lair:6   | Reached skill level 15 in Shields
 19234 | D:10     | Entered Level 10 of the Dungeon
 19326 | D:10     | Noticed Psyche
 19471 | D:10     | Killed Psyche
 19471 | D:10     | Reached skill level 15 in Maces & Flails
 19563 | D:10     | Found a staircase to the Orcish Mines.
 19867 | D:10     | Noticed Erica
 19879 | D:10     | Killed Erica
 20509 | D:11     | Reached XP level 15. HP: 77/96 MP: 15/15
 20822 | D:11     | Found a stormy altar of Qazlal.
 20947 | D:12     | Received a gift from Okawaru
 21825 | D:12     | Received a gift from Okawaru
 21829 | D:12     | Got a pair of distressingly furry gloves {god gift}
 21840 | D:12     | Identified the +0 pair of gloves of Hairiness {*Contam +Blink rElec Str+8} (Okawaru gifted it to you on level 12 of the Dungeon)
 22875 | D:13     | Found a gate to the Vaults.
 22919 | D:13     | Got a twitching bronze amulet
 22920 | D:13     | Identified the amulet "Vefozymm" {+Rage +Inv rF- rC+} (You found it on level 13 of the Dungeon)
 22932 | D:13     | Identified the Collected Works on the Birds and the Frostbite
 24204 | D:14     | Noticed Frances
 24223 | D:14     | Killed Frances
 24595 | D:15     | Entered Level 15 of the Dungeon
 24607 | D:15     | Received a gift from Okawaru
 24669 | D:15     | Reached XP level 16. HP: 103/103 MP: 16/16
 24941 | D:15     | Found Evaxzax's Weapon Shop.
 25193 | D:4      | Bought a manual of Fighting for 1324 gold pieces
 25476 | D:15     | Found a staircase to the Depths.
 26117 | Swamp:1  | Entered Level 1 of the Swamp
 26409 | Swamp:1  | Received a gift from Okawaru
 26418 | Swamp:1  | Reached skill level 1 in Invocations
 26770 | Swamp:2  | Reached skill level 1 in Evocations
 27344 | Swamp:2  | Noticed a thorn hunter
 27359 | Swamp:2  | Killed a thorn hunter
 27997 | Swamp:3  | Noticed a thorn hunter
 28016 | Swamp:3  | Killed a thorn hunter
 28269 | Swamp:3  | Received a gift from Okawaru
 29065 | Swamp:3  | Noticed a thorn hunter
 29411 | Swamp:3  | Reached XP level 17. HP: 111/111 MP: 19/19
 29586 | Swamp:4  | Entered Level 4 of the Swamp
 29926 | Swamp:4  | Received a gift from Okawaru
 29941 | Swamp:4  | Noticed the 27-headed Lernaean hydra
 29963 | Swamp:4  | Killed the 27-headed Lernaean hydra
 29982 | Swamp:4  | Noticed brahma's ghost (journeyman MiFi)
 30471 | Swamp:4  | Killed brahma's ghost
 30607 | Swamp:4  | Got a decaying rune of Zot
 31045 | Swamp:1  | Reached skill level 15 in Fighting
 31163 | Spider:1 | Entered Level 1 of the Spider Nest
 31171 | Spider:1 | Noticed Doesnt's ghost (journeyman GrEE)
 31197 | Spider:1 | Killed Doesnt's ghost
 31373 | Spider:1 | Reached skill level 5 in Dodging
 31485 | Spider:1 | Received a gift from Okawaru
 32235 | Spider:2 | Received a gift from Okawaru
 32238 | Spider:2 | Got a polished plate armour {god gift}
 32249 | Spider:2 | Identified the +3 plate armour of the Abyss {rPois SInv} (Okawaru gifted it to you on level 2 of the Spider Nest)
 32339 | Spider:2 | Reached XP level 18. HP: 120/120 MP: 21/21
 33492 | Spider:3 | Reached skill level 5 in Invocations
 33809 | Spider:4 | Entered Level 4 of the Spider Nest
 34120 | Spider:4 | Received a gift from Okawaru
 34521 | Spider:4 | Reached skill level 5 in Evocations
 34633 | Spider:4 | Noticed Arachne
 34893 | Spider:4 | Received a gift from Okawaru
 35014 | Spider:4 | Identified a scroll of acquirement
 35241 | Spider:4 | Killed Arachne
 35646 | Spider:4 | Got a gossamer rune of Zot
 36109 | Depths:1 | Entered Level 1 of the Depths
 36123 | Depths:1 | Reached XP level 19. HP: 122/128 MP: 23/23
 36222 | Vaults:1 | Entered Level 1 of the Vaults
 37079 | Vaults:1 | Received a gift from Okawaru
 37834 | Vaults:1 | Received a gift from Okawaru
 38040 | Vaults:1 | Found Piurhot's Antique Weapon Emporium.
 38834 | Vaults:2 | Found a ruined gateway.
 38850 | Desolati | Entered the Desolation of Salt
 38976 | Desolati | Identified Zaogh's Reference Book on Icy Self-Improvement
 39421 | Desolati | Received a gift from Okawaru
 39537 | Desolati | Reached skill level 15 in Armour
 39574 | Desolati | Reached XP level 20. HP: 44/136 MP: 25/25
 39913 | Desolati | Got a crude emerald amulet
 39915 | Desolati | Got a clouded steel amulet
 39921 | Desolati | Identified Ytaxiarr's Almanac of Supportive Poison
 39926 | Desolati | Identified the amulet of Pemeg {+Rage rF+} (You found it in the Desolation of Salt)
 39927 | Desolati | Identified the amulet of Ukhleula {Spirit rElec} (You found it in the Desolation of Salt)
 40582 | Desolati | Got a glittering bone ring
 40597 | Desolati | Identified the ring "Sajoymp" {Ice rPois Str+2 Dex+8} (You found it in the Desolation of Salt)
 41167 | Vaults:2 | Received a gift from Okawaru
 41255 | Vaults:2 | Found Plog's Distillery.
 41263 | Vaults:2 | Bought a potion of might for 76 gold pieces
 41263 | Vaults:2 | Bought a potion of heal wounds for 95 gold pieces
 42407 | Vaults:3 | Received a gift from Okawaru
 42915 | Vaults:3 | Found a staircase to the Crypt.
 42915 | Vaults:3 | Found a basalt altar of Yredelemnul.
 42916 | Vaults:3 | Found an ancient bone altar of Kikubaaqudgha.
 43138 | Vaults:3 | Received a gift from Okawaru
 43310 | Vaults:3 | Got a vibrating glass ring
 43311 | Vaults:3 | Identified the ring of Vaqirus {rElec rPois Str-2 Stlth+} (You found it on level 3 of the Vaults)
 43410 | Vaults:3 | Reached XP level 21. HP: 49/143 MP: 27/27
 44613 | Vaults:4 | Noticed Mennas
 44647 | Vaults:4 | Received a gift from Okawaru
 44714 | Vaults:4 | Killed Mennas
 44714 | Vaults:4 | Received a gift from Okawaru
 44720 | Vaults:4 | Got a twisted cloak {god gift}
 44731 | Vaults:4 | Identified the -2 cloak of Vobryuj {rN++ Str-2 Dex+3} (Okawaru gifted it to you on level 4 of the Vaults)
 45175 | Vaults:5 | Entered Level 5 of the Vaults
 45640 | Vaults:5 | Noticed an ancient lich
 45659 | Vaults:4 | Reached XP level 22. HP: 125/150 MP: 29/29
 45751 | Vaults:5 | Received a gift from Okawaru
 45784 | Vaults:5 | Killed an ancient lich
 45800 | Vaults:5 | Identified the +0 eveningstar "Ehap" {crush, rF++ Str+4 SInv} (Okawaru gifted it to you on level 5 of the Vaults)
 45929 | Vaults:5 | Noticed an ancient lich
 45947 | Vaults:5 | Killed an ancient lich
 46007 | Vaults:5 | Reached skill level 10 in Invocations
 46482 | Vaults:5 | Noticed an ancient lich
 46502 | Vaults:5 | Killed an ancient lich
 46878 | Vaults:5 | Received a gift from Okawaru
 46881 | Vaults:5 | Got a scorched cloak {god gift}
 46902 | Vaults:5 | Identified the +2 cloak "Noloso" {Dex+5} (Okawaru gifted it to you on level 5 of the Vaults)
 47008 | Vaults:5 | Identified the +7 morningstar "Litab" {crush, Str+2} (You took it off a tengu reaver on level 5 of the Vaults)
 47170 | Vaults:5 | Identified the Collected Works on Frigorific Attacks
 47731 | Vaults:5 | Reached XP level 23. HP: 156/156 MP: 30/30
 47995 | Vaults:5 | Identified the cursed +0 pair of gloves of the Monkey's Uncle {rElec rC++ Str-3} (You found it on level 5 of the Vaults)
 47997 | Vaults:5 | Got a silver rune of Zot
 48277 | Orc:1    | Entered Level 1 of the Orcish Mines
 48454 | Orc:2    | Entered Level 2 of the Orcish Mines
 48507 | Orc:2    | Found a staircase to the Elven Halls.
 48877 | Orc:2    | Found Vego's Weapon Shop.
 48877 | Orc:2    | Found Rodghop's General Store.
 48933 | Orc:2    | Found a roughly hewn altar of Beogh.
 49016 | Orc:2    | Bought a scroll of brand weapon for 300 gold pieces
 49059 | Orc:2    | Found Qovimm's Antique Weapon Shop.
 49059 | Orc:2    | Found Ewuthro's Jewellery Shoppe.
 49774 | Elf:1    | Entered Level 1 of the Elven Halls
 49983 | Elf:1    | Received a gift from Okawaru
 50490 | Elf:1    | Noticed Kirke
 50513 | Elf:1    | Killed Kirke
 51385 | Elf:2    | Found a runed gate.
 51385 | Elf:2    | Found a runed gate.
 51387 | Elf:2    | Found a runed gate.
 51886 | Elf:2    | Received a gift from Okawaru
 51889 | Elf:2    | Identified the +10 morningstar "Canogyix" {flame, Str+4} (Okawaru gifted it to you on level 2 of the Elven Halls)
 52276 | Elf:3    | Entered Level 3 of the Elven Halls
 53026 | Elf:3    | Reached XP level 24. HP: 140/164 MP: 31/31
 53064 | Elf:3    | Received a gift from Okawaru
 53568 | Elf:3    | Identified the +4 morningstar of Imbalance {drain, rC+ MR+ Int+2 Dex+3} (You took it off a deep elf mage on level 3 of the Elven Halls)
 53752 | Elf:3    | Got a brightly glowing granite ring
 53769 | Elf:3    | Identified the ring "Nyboc" {Fire rN+ Stlth+} (You took it off a deep elf annihilator on level 3 of the Elven Halls)
 53815 | Elf:3    | Gained mutation: You expend magic power (3 MP) to strengthen your wands. [a shining eye]
 53846 | Elf:3    | Got a translucent pewter ring
 54434 | Elf:3    | Identified the ring "Werrubec" {rC+ Str+2 Int+5 Slay-5 SInv} (You took it off a deep elf mage on level 3 of the Elven Halls)
 54483 | Elf:3    | Identified the Compendium of Lucky Transformation
 54493 | Elf:3    | Got a twitching jade amulet
 54969 | Depths:1 | Found a one-way gate to the infinite horrors of the Abyss.
 55067 | Depths:1 | Found a gateway to Hell.
 55278 | Depths:1 | Received a gift from Okawaru
 55581 | Depths:1 | Got a brightly glowing jade ring
 55582 | Depths:1 | Identified the amulet "Esepuwewk" {Inacc rPois rC- Str+2 Int+4} (You found it on level 3 of the Elven Halls)
 55583 | Depths:1 | Identified the ring of the Mackerel {Wiz +Inv rElec MP+9} (You found it on level 1 of the Depths)
 55694 | Depths:1 | Reached skill level 10 in Evocations
 55751 | Depths:1 | Received a gift from Okawaru
 55926 | Depths:2 | Noticed a juggernaut
 55980 | Depths:1 | Killed a juggernaut
 56294 | Depths:2 | Identified the cursed +0 plate armour of Disaster {rF+} (You found it on level 2 of the Depths)
 56435 | Depths:2 | You fall through a shaft!
 56489 | Depths:3 | Found a portal to a secret trove of treasure.
 56529 | Depths:3 | Found a one-way gate leading to the halls of Pandemonium.
 56752 | Depths:2 | Reached XP level 25. HP: 162/172 MP: 32/32
 57782 | Depths:3 | Found a gateway to a ziggurat.
 57928 | Depths:3 | Received a gift from Okawaru
 57987 | Depths:3 | Reached skill level 10 in Dodging
 58077 | Depths:3 | Found a glowing golden altar of the Shining One.
 59553 | Depths:4 | Found a magical portal.
 59579 | Depths:4 | Received a gift from Okawaru
 59607 | WizLab   | Entered The Roulette of Golubria
 59607 | WizLab   | Found a transporter.
 59610 | WizLab   | Found a corrupted altar of Lugonu.
 59634 | WizLab   | Found a corrupted altar of Lugonu.
 59635 | WizLab   | Found a transporter.
 59691 | WizLab   | Found a transporter.
 59698 | WizLab   | Found a transporter.
 59879 | WizLab   | Found a transporter.
 59926 | WizLab   | Found a transporter.
 59987 | WizLab   | Found a transporter.
 60023 | WizLab   | Found a transporter.
 60066 | WizLab   | Found a transporter.
 60069 | WizLab   | Noticed lunkers's ghost (veteran BaHu)
 60161 | WizLab   | Identified Dyvviw Japs's Compendium of Orientation
 60191 | WizLab   | Identified Golubria's Collected Works on Translocation
 60203 | WizLab   | Found a transporter.
 60203 | WizLab   | Found a transporter.
 60227 | WizLab   | Found a transporter.
 60227 | WizLab   | Found a transporter.
 60290 | WizLab   | Killed lunkers's ghost
 60402 | WizLab   | Found a transporter.
 60440 | WizLab   | Found a transporter.
 60440 | WizLab   | Found a transporter.
 60471 | WizLab   | Found a transporter.
 60484 | WizLab   | Found a transporter.
 60516 | WizLab   | Identified the cursed +0 cloak "Biukeipa" {+Inv rElec Stlth+} (You found it in a wizard's laboratory)
 60528 | WizLab   | Identified the +1 cloak of Negation {*Drain +Fly rPois rN+} (You found it in a wizard's laboratory)
 60548 | WizLab   | Found a transporter.
 60548 | WizLab   | Found a transporter.
 60707 | Depths:4 | Gained mutation: You evolve. [a shining eye]
 60812 | Depths:4 | Reached XP level 26. HP: 180/180 MP: 32/32
 60867 | Depths:4 | Found Viastroy's Gadget Shoppe.
 61136 | Depths:5 | Entered Level 5 of the Depths
 61138 | Depths:5 | Lost mutation: You expend magic power (3 MP) to strengthen your wands. [evolution]
 61219 | Depths:5 | Found a gate to the Realm of Zot.
 61983 | Depths:5 | Received a gift from Okawaru
 63150 | Pan      | Entered Pandemonium
 63187 | Pan      | Received a gift from Okawaru
 63641 | Pan      | Noticed Igalootus the pandemonium lord
 63679 | Pan      | Killed Igalootus the pandemonium lord
 64526 | Pan      | Gained mutation: You are weak. (Str -2) [a neqoxec]
 64531 | Pan      | Gained mutation: You have an increased reservoir of magic. (+10% MP) [a neqoxec]
 64731 | Pan      | Gained mutation: You possess an exceptional clarity of mind. [a neqoxec]
 64874 | Pan      | Found an exit through the horrors of the Abyss.
 65005 | Pan      | Found an exit through the horrors of the Abyss.
 65063 | Pan      | Received a gift from Okawaru
 65116 | Pan      | Reached XP level 27. HP: 138/189 MP: 36/36
 65945 | Pan      | Noticed Datsas the pandemonium lord
 65965 | Pan      | Killed Datsas the pandemonium lord
 66588 | Pan      | Found an exit through the horrors of the Abyss.
 66776 | Pan      | Identified the +8 large shield of Going Fast {rC+ Dex+4} (You found it in Pandemonium)
 67187 | Pan      | Received a gift from Okawaru
 67199 | Pan      | Gained mutation: Potions are less effective at restoring your health. [a cacodemon]
 68291 | Pan      | Gained mutation: You are partially covered in iridescent scales. (AC +2) [a neqoxec]
 68412 | Pan      | Gained mutation: Your body sometimes deteriorates upon taking damage. [a cacodemon]
 68928 | Pan      | Noticed Iteodu the pandemonium lord
 68963 | Pan      | Killed Iteodu the pandemonium lord
 69060 | Pan      | Found an exit through the horrors of the Abyss.
 69186 | Pan      | Received a gift from Okawaru
 69374 | Pan      | Gained mutation: Potions are poor at restoring your health. [a cacodemon]
 69382 | Pan      | Gained mutation: You do not regenerate when monsters are visible. [a cacodemon]
 69718 | Pan      | Lost mutation: You have an increased reservoir of magic. (+10% MP) [a cacodemon]
 70169 | Pan      | Noticed Soifoeh the pandemonium lord
 70194 | Pan      | Killed Soifoeh the pandemonium lord
 70236 | Pan      | Gained mutation: Scrolls take you a little longer to read. [a cacodemon]
 70527 | Pan      | Gained mutation: You are frail. (-10% HP) [a cacodemon]
 71158 | Pan      | Gained mutation: Your body often deteriorates upon taking damage. [a cacodemon]
 71170 | Pan      | Gained mutation: You are dopey. (Int -2) [a cacodemon]
 71659 | Pan      | Found an exit through the horrors of the Abyss.
 71744 | Pan      | HP: 1/172 [soul eater/drain life (8)]
 71753 | Pan      | HP: 7/172 [soul eater/drain life (2)]
 71754 | Pan      | HP: 2/172 [soul eater/drain life (8)]
 71754 | Pan      | Killed from afar by a blizzard demon

Skill      XL: |  1  2  3  4  5  6  7  8  9 10 11 12 13 14 15 16 17 18 19 20 21 22 23 24 25 26 27 |
---------------+----------------------------------------------------------------------------------+-----
Shields        | 4 5 7 8 9 10 11 14 15 17 18 19 20 21 22 23 24 | 24.4
Maces & Flails | 3 4 6 8 9 11 12 13 14 15 16 17 18 19 20 21 22 | 22.5
Dodging        | 1 2 3 4 5 6 7 8 9 10 11 | 11.7
Fighting       | 4 5 6 8 9 10 11 12 14 15 17 18 19 20 21 22 23 24 | 24.6
Armour         | 4 5 6 7 8 9 10 11 12 13 14 15 16 17 18 20 21 22 | 22.9
Stealth        | 1 2 |  2.5
Invocations    | 2 4 6 7 8 9 10 11 12 13 14 | 14.3
Evocations     | 2 4 5 6 7 8 9 10 11 12 | 12.1

Action                   |  1- 3 |  4- 6 |  7- 9 | 10-12 | 13-15 | 16-18 | 19-21 | 22-24 | 25-27 || total
-------------------------+-------+-------+-------+-------+-------+-------+-------+-------+-------++-------
Melee: Flail             |   139 |   225 |   506 |   933 |   754 |       |       |       |       ||  2557
       Peck              |       |    38 |   107 |   195 |   632 |   695 |   839 |   883 |  1342 ||  4731
       Morningstar       |       |       |       |       |   808 |       |       |       |    11 ||   819
       Demon whip        |       |       |       |       |   834 |  2213 |  2218 |  2322 |  3157 || 10744
 Abil: Fly               |       |       |       |       |       |     1 |       |       |     1 ||     2
       Evoke Berserk Rag |       |       |       |       |       |     1 |       |       |       ||     1
       Stop Flying       |       |       |       |       |       |       |     1 |       |       ||     1
  Use: Scroll            |     4 |     4 |     8 |    11 |    14 |     9 |    13 |    23 |    22 ||   108
       Potion            |     1 |     6 |     1 |     7 |     1 |     4 |     3 |     8 |    10 ||    41
 Stab: Invisible         |       |       |       |     1 |       |       |       |       |       ||     1
       Held in net/web   |       |       |       |       |       |     2 |       |       |       ||     2
       Distracted        |       |       |       |       |       |       |       |       |     1 ||     1
  Eat: Chunk             |       |     6 |    13 |    19 |    39 |    35 |    31 |    36 |    39 ||   218
       Royal jelly       |       |       |       |     1 |     1 |     2 |     1 |       |     6 ||    11
Armor: Scale mail        |    86 |    22 |       |       |       |       |       |       |       ||   108
       Plate armour      |       |   118 |   301 |   597 |  1147 |   897 |   203 |       |       ||  3263
       Crystal plate arm |       |       |       |       |       |       |   288 |   468 |   732 ||  1488
Dodge: Dodged            |    58 |    54 |   117 |   200 |   518 |   437 |   293 |   348 |   688 ||  2713
Block: Shield            |    92 |    95 |   249 |   543 |   360 |       |       |       |       ||  1339
       Large shield      |       |       |       |       |  2284 |  2270 |  1883 |  1903 |  3041 || 11381
